 Dungeon Sprint DCSS version 0.31-a0-662-g684573625c (webtiles) character file.

Game seed: 182266523905623130

4855 sircluck the Grappler (level 10, -8/192 HPs)
             Began as a Troll Berserker on Aug 31, 2023.
             Was the Champion of Trog.
             Mangled by Frances
             ... wielding a +0 war axe of holy wrath
              (30 damage)
             ... in the Dungeon (Sprint III: "The Ten Rune Challenge").
             The game lasted 00:03:18 (898 turns).

sircluck the Grappler (Troll Berserker)              Turns: 898, Time: 00:03:19

Health: -8/192     AC:  5    Str: 31    XL:     10   Next: 25%
Magic:  9/9        EV: 13    Int:  3    God:    Trog [******]
Gold:   45         SH:  0    Dex:  9    Spells: 9/9 levels left

rFire   + .          .
                       - Unarmed
rCold   . . .        (no shield)
rNeg    . . .        a - +0 animal skin
rPois   .            (helmet restricted)
rElec   .            h - +0 cloak
rCorr   .            (gloves unavailable)
SInv    .            (boots unavailable)
Will    .....        (no amulet) Stlth
                     (no ring)
HPRegen 1.32/turn    (no ring)
MPRegen 0.11/turn

%: no teleportation
@: berserking (expiring), lethally poisoned (-8 -> -13), slowed
A: large, unfitting armour, claws 3, regeneration 1, shaggy fur 1, tough skin 1,
horns 1, fire resistance 1, robust 1
a: Renounce Religion, Berserk, Trog's Hand, Brothers in Arms


You were in the Dungeon.
You worshipped Trog.
Trog was exalted by your worship.
You visited 1 branch You collected 45 gold pieces.

Inventory:

Armour
 a - a +0 animal skin (worn)
 h - a +0 cloak (worn)
Scrolls
 g - a scroll of blinking
 j - a scroll of poison
 k - 3 scrolls of identify
 m - 2 scrolls of torment {unknown}
Potions
 b - a potion of curing
 c - 2 potions of heal wounds
 d - a potion of haste
 e - 2 potions of magic
 f - a potion of berserk rage
 i - 4 potions of mutation
 l - a potion of cancellation {unknown}
 n - a potion of enlightenment {unknown}
Miscellaneous
 o - a tin of tremorstones (1/2)


   Skills:
 + Level 12.4 Fighting
 + Level 12.2 Dodging
 + Level 14.4 Unarmed Combat


You had 9 spell levels left.
You didn't know any spells.
Your spell library was empty.

Dungeon Overview and Level Annotations

Branches:
Dungeon (1/1)

Altars:
Cheibriados
Dithmenos
Elyvilon
Fedhas
Gozag
Hepliaklqana
Kikubaaqudgha
Makhleb
Nemelex Xobeh
Okawaru
Qazlal
Ru
Sif Muna
Trog
Uskayaw
Vehumet
Wu Jian
Xom
Yredelemnul
Zin
The Shining One
Jiyva
Lugonu

Annotations:
D Donald, Frances


Innate Abilities, Weirdness & Mutations

You are too large for most types of armour.
You have claws for hands.
Your natural rate of healing is unusually fast.
You are covered in fur. (AC +1)
You have tough skin. (AC +1)
You have a pair of small horns on your head.
Your flesh is heat resistant. (rF+)
You are robust. (+10% HP)


Message History

Donald blocks your attack.
You headbutt Donald, but do no damage.
You feel sick.
Frances mutters in a terrible tongue.
Donald blocks your attack. x2; You feel sick.
You mangle Frances!!
Frances is moderately wounded.
You feel sick.
Frances hits you with a +0 war axe of holy wrath.
The orange demon stings you but does no damage.
Donald hits you with a +0 war axe of holy wrath!!
You closely miss Frances.
Frances is moderately wounded.
You feel sick. Frances completely misses you.
The orange demon closely misses you.
Donald hits you with a +0 war axe of holy wrath!!
You mangle Donald!!
Donald is heavily wounded.
Frances hits you with a +0 war axe of holy wrath!
The orange demon stings you from afar!
You are more poisoned.
The orange demon poisons you!
You closely miss Frances.
Frances is moderately wounded.
You feel very sick. Frances barely misses you.
Donald hits you with a +0 war axe of holy wrath!!
* * * LOW HITPOINT WARNING * * *
Donald blocks your attack.
Donald is heavily wounded.
You feel very sick. Frances closely misses you.
The orange demon stings you but does no damage.
Donald closely misses you. Donald blocks your attack.
Donald is heavily wounded.
You feel very sick. Frances barely misses you.
The orange demon stings you from afar.
* * * LOW HITPOINT WARNING * * *
Frances hits you with a +0 war axe of holy wrath!!
You die...

#+###########################
#....#.#.#.....#....^)†...~≈#
##.#..#.##)###)#..^.)†#...~≈#
'##)#.#.##.#.)##......#...~≈≈≈#
#.).#..#..##..'....^..#...~~~~#
▓▓▓▓▓▓▓▓▓▓▓▓▓▓#^...^..#.......#
........~~~...#.^^^...#.......#
≈≈≈≈≈≈≈≈≈≈♣♣P.'.^.....#.......#
♣♣♣♣♣♣♣♣♣♣♣♣PP#^@@....#########
♣♣♣##@###### 4.. #...# #...#
#####


You could see Frances (fast), Donald (strong, reflecting) and an orange demon
(summoned).

Vanquished Creatures
  Erolcha (D)
  A deep elf pyromancer (D)
  3 wandering mushrooms (D)
  A shadow (D)
  A spatial vortex (D)
  2 redbacks (D)
  5 two-headed ogres (D)
  A necrophage (D)
  A water elemental (D)
  3 killer bees (D)
  A jelly (D)
  Crazy Yiuf (D)
  A wizard (D)
  Jessica (D)
  A necromancer (D)
  3 humans (D)
  A kobold demonologist (D)
  An endoplasm (D)
  A rat (D)
30 creatures vanquished.

Vanquished Creatures (collateral kills)
  A queen bee (D)
  29 killer bees (D)
30 creatures vanquished.

Grand Total: 60 creatures vanquished

Notes
Turn   | Place    | Note
-------+----------+-------------------------------------------
     0 | D        | sircluck the Troll Berserker began the quest for the Orb.
     0 | D        | Reached XP level 1. HP: 22/22 MP: 0/0
    14 | D        | Noticed Jessica
    18 | D        | Killed Jessica
    18 | D        | Reached ** piety under Trog
    19 | D        | Reached skill level 4 in Unarmed Combat
    19 | D        | Reached XP level 2. HP: 30/32 MP: 1/1
    50 | D        | Reached XP level 3. HP: 37/39 MP: 2/2
    55 | D        | Noticed Crazy Yiuf
    61 | D        | Killed Crazy Yiuf
    62 | D        | Reached skill level 5 in Unarmed Combat
    62 | D        | Reached XP level 4. HP: 49/49 MP: 3/3
    85 | D        | Gained mutation: You are robust. (+10% HP) [potion of
                  | mutation]
    85 | D        | Gained mutation: You have a pair of small horns on your
                  | head. [potion of mutation]
    85 | D        | Gained mutation: Your flesh is heat resistant. (rF+)
                  | [potion of mutation]
   102 | D        | Noticed a water elemental
   104 | D        | Killed a water elemental
   105 | D        | Reached skill level 5 in Fighting
   105 | D        | Reached skill level 5 in Dodging
   105 | D        | Reached skill level 6 in Unarmed Combat
   263 | D        | Found a basalt altar of Yredelemnul.
   263 | D        | Found a shadowy altar of Dithmenos.
   263 | D        | Found a sacrificial altar of Ru.
   263 | D        | Noticed a necrophage
   267 | D        | Killed a necrophage
   267 | D        | Reached *** piety under Trog
   268 | D        | Reached skill level 7 in Unarmed Combat
   268 | D        | Reached XP level 5. HP: 60/64 MP: 4/4
   288 | D        | Found a radiant altar of Vehumet.
   288 | D        | Found a shimmering blue altar of Sif Muna.
   288 | D        | Found an ancient bone altar of Kikubaaqudgha.
   290 | D        | Reached **** piety under Trog
   308 | D        | Found a hide-covered altar of Uskayaw.
   308 | D        | Found an iron altar of Okawaru.
   308 | D        | Found a bloodstained altar of Trog.
   308 | D        | Found an ornate altar of the Wu Jian Council.
   308 | D        | Noticed a human
   309 | D        | Noticed a human
   316 | D        | Killed a human
   317 | D        | Reached skill level 8 in Unarmed Combat
   317 | D        | Reached XP level 6. HP: 78/78 MP: 5/5
   319 | D        | Killed a human
   320 | D        | Reached skill level 9 in Unarmed Combat
   320 | D        | Reached XP level 7. HP: 86/86 MP: 6/6
   368 | D        | Found a glowing silver altar of Zin.
   368 | D        | Found a glowing golden altar of the Shining One.
   368 | D        | Found a white marble altar of Elyvilon.
   369 | D        | Noticed a deep elf pyromancer
   373 | D        | Noticed a fire elemental
   374 | D        | Killed a deep elf pyromancer
   374 | D        | Reached ***** piety under Trog
   375 | D        | Reached skill level 10 in Unarmed Combat
   408 | D        | Noticed a shadow
   411 | D        | Killed a shadow
   412 | D        | Reached XP level 8. HP: 94/101 MP: 7/7
   420 | D        | Found a blossoming altar of Fedhas.
   420 | D        | Found a stormy altar of Qazlal.
   420 | D        | Found a snail-covered altar of Cheibriados.
   420 | D        | Found a burning altar of Makhleb.
   420 | D        | Found a shimmering altar of Xom.
   421 | D        | Found a hazy altar of Hepliaklqana.
   421 | D        | Found an opulent altar of Gozag.
   421 | D        | Found a sparkling altar of Nemelex Xobeh.
   421 | D        | Found a corrupted altar of Lugonu.
   421 | D        | Found a viscous altar of Jiyva.
   429 | D        | Reached skill level 11 in Unarmed Combat
   478 | D        | Noticed a two-headed ogre
   529 | D        | Killed a two-headed ogre
   530 | D        | Reached skill level 10 in Fighting
   549 | D        | Noticed Erolcha
   549 | D        | Noticed a two-headed ogre
   558 | D        | Killed Erolcha
   558 | D        | Reached ****** piety under Trog
   558 | D        | Received a gift from Trog
   559 | D        | Reached skill level 10 in Dodging
   559 | D        | Reached skill level 12 in Unarmed Combat
   559 | D        | Reached XP level 9. HP: 33/112 MP: 8/8
   560 | D        | HP: 6/168 [two-headed ogre/+0 giant spiked club (28)]
   561 | D        | Killed a two-headed ogre
   654 | D        | Reached skill level 13 in Unarmed Combat
   770 | D        | Noticed a queen bee
   780 | D        | Received a gift from Trog
   789 | D        | Received a gift from Trog
   798 | D        | Killed a queen bee
   798 | D        | Received a gift from Trog
   802 | D        | Reached XP level 10. HP: 105/126 MP: 9/9
   804 | D        | Received a gift from Trog
   806 | D        | Reached skill level 14 in Unarmed Combat
   814 | D        | Received a gift from Trog
   887 | D        | Noticed Donald
   887 | D        | Noticed Frances
   892 | D        | Noticed an orange demon
   898 | D        | Mangled by Frances

Illustrated notes

Levels and vault maps discovered:
D:        dungeon_sprint_mu [sprint_mu_entry_forest, sprint_mu_temple_rooms,
          sprint_mu_d1_spiders, sprint_mu_d2_genie, sprint_mu_d3_branching,
          sprint_mu_orc_legion, sprint_mu_elf_gauntlet, sprint_mu_hive_nellie,
          sprint_mu_lair_fedhas, sprint_mu_vaults_butterflies,
          sprint_mu_slime_circle, sprint_mu_swamp_cave, sprint_mu_snake_twists,
          sprint_mu_blade_basic, sprint_mu_crypt_lich, sprint_mu_tomb_spiral,
          sprint_mu_vestibule_basic, sprint_mu_gehenna_hellfire,
          sprint_mu_dis_giant, sprint_mu_tartarus_statrot,
          sprint_mu_cocytus_islands, sprint_mu_zot1]

Skill      XL: |  1  2  3  4  5  6  7  8  9 10 |
---------------+-------------------------------+-----
Fighting       | 3 4 6 7 9 10 11 12 | 12.4
Dodging        | 3 4 5 7 9 10 11 12 | 12.2
Unarmed Combat | 4 5 7 8 9 10 12 13 14 | 14.4

Action                     |  1- 3 |  4- 6 |  7- 9 | 10-12 || total
---------------------------+-------+-------+-------+-------++-------
  Melee: Unarmed           |    22 |    19 |    51 |    24 ||   116
         Headbutt          |       |     1 |     8 |     7 ||    16
         Punch             |       |       |     6 |     5 ||    11
 Invoke: Berserk           |       |     2 |     1 |     1 ||     4
         Brothers in Arms  |       |       |     2 |       ||     2
  Evoke: Tin of tremorston |       |       |     1 |     1 ||     2
    Use: Potion            |       |     1 |       |       ||     1
         Scroll            |       |       |     1 |       ||     1
 Armour: Animal skin       |     6 |     9 |    32 |    22 ||    69
  Dodge: Dodged            |    12 |     5 |    21 |    16 ||    54

Table legend: (Time is in decaauts)
 A = Elapsed time spent in this place.
 B = Non-inter-level travel time spent in this place.
 C = Inter-level travel time spent in this place.
 D = Time resting spent in this place.
 E = Time spent auto-exploring this place.
 F = Levels seen in this place.
 G = Mean time per level.
                   A        B        C        D        E       F      G
               +--------+--------+--------+--------+--------+-----+--------+
         Total |    917 |    917 |      0 |    444 |    121 |   1 |  917.0 |
       Dungeon |    917 |    917 |      0 |    444 |    121 |   1 |  917.0 |
               +--------+--------+--------+--------+--------+-----+--------+

Top non-repeatable levels by time:
       D: 917 daAuts
